 Dungeon Crawl Stone Soup version 0.27.0-1-g7a089689b8 (webtiles) character file.

Game seed: 6841633392365843907

573 horus123 the Conjurer (level 7, -7/36 HPs)
             Began as a Deep Elf Conjurer on Aug 16, 2021.
             Killed by divine providence
             ... invoked by an orc priest
              (16 damage)
             ... on level 5 of the Dungeon.
             The game lasted 00:09:13 (4565 turns).

horus123 the Conjurer (Deep Elf Conjurer)           Turns: 4565, Time: 00:09:14

Health: -7/36      AC:  4    Str:  4    XL:     7   Next: 12%
Magic:  0/17       EV: 12    Int: 25    God:
Gold:   218        SH:  6    Dex: 13    Spells: 3/17 levels left

rFire    . . .     SeeInvis .   c - staff of poison
rCold    . . .     Faith    .   i - +2 buckler
rNeg     . . .     Spirit   .   a - +1 robe
rPois    +         Reflect  .   j - +0 helmet
rElec    .         Harm     .   (no cloak)
rCorr    .         Rampage  .   (no gloves)
Will     .....                  (no boots)
Stlth    ++........             (no amulet)
HPRegen  0.12/turn              (no ring)
MPRegen  0.15/turn              (no ring)

@: no status effects
A: no striking features
a: no special abilities


You were on level 5 of the Dungeon.
You visited 1 branch of the dungeon, and saw 5 of its levels.

You collected 218 gold pieces.

Inventory:

Armour
 a - a +1 robe (worn)
 i - a +2 buckler (worn)
 j - a +0 helmet (worn)
Magical Staves
 c - a staff of poison (weapon)
Wands
 k - a wand of paralysis (10)
Scrolls
 f - a scroll of teleportation
 l - 2 scrolls of fog
Potions
 b - a potion of lignification {unknown}
 d - 2 potions of brilliance
 e - a potion of cancellation {unknown}
 g - a potion of curing {unknown}
 h - 2 potions of attraction {unknown}
 m - a potion of degeneration {unknown}
 n - a potion of heal wounds {unknown}
 o - a potion of mutation {unknown}
 p - a potion of might {unknown}


   Skills:
 + Level 2.8 Dodging
 + Level 3.8 Stealth
 * Level 2.0 Shields
 + Level 5.8 Spellcasting
 + Level 6.6 Conjurations
 * Level 3.3 Hexes


You had 3 spell levels left.
You knew the following spells:

 Your Spells              Type           Power      Damage    Failure   Level
a - Magic Dart            Conj           100%       1d8       1%          1
b - Searing Ray           Conj           80%        3d6       1%          2
c - Dazzling Flash        Conj/Hex       64%        N/A       3%          3
d - Iskenderun's Mystic   Conj/Tloc      23%        2d6       24%         4
e - Fulminant Prism       Conj/Hex       16%        3d11      12%         4

Your spell library contained the following spells:

 Spells                   Type           Power      Damage    Failure   Level
 Portal Projectile        Hex/Tloc       30%        N/A       14%         3
 Call Canine Familiar     Summ           7%         N/A       28%         3
 Leda's Liquefaction      Hex/Erth       7%         N/A       43%         4


Dungeon Overview and Level Annotations

Branches:
Dungeon (5/15)
 Temple: D:4-7

Altars:


Message History

The orc is lightly wounded.
The magic dart hits the orc.
The orc is severely wounded.
The orc wizard shouts!
An orc priest comes into view. It is wielding a +0 mace.
Casting: Magic Dart (safe; 1% risk of failure)
Confirm with . or Enter, or press ? or * to list all spells.
You don't have enough magic to cast this spell.
Unknown command.
The magic dart hits the orc.
You kill the orc!
The orc priest shouts!
The orc priest calls down the wrath of Beogh upon you.
You struggle to resist.
You hear the slow rusting of a very distant drain.
Casting: Magic Dart (safe; 1% risk of failure)
Confirm with . or Enter, or press ? or * to list all spells.
Aiming: Searing Ray (safe; 1% risk of failure)
Press: ? - help, Shift-Dir - straight line, f - orc wizard
Aim: an orc wizard, wielding a +2 dagger of venom and wearing a +0 robe (77% to hit)
The searing ray hits the orc wizard but does no damage. (Press . to maintain the ray.)
The orc wizard casts a spell at you. The magic dart hits you.
An orc comes into view. It is wielding a +0 falchion.
The orc wizard gestures at you while chanting.
The puff of flame misses you.
The orc priest invokes the aid of Beogh against you.
Beogh smites you!
* * * LOW HITPOINT WARNING * * *
You hear a shout!
You are too injured to fight recklessly!
Aiming: Magic Dart (safe; 1% risk of failure)
Press: ? - help, Q - select action, (/) - cycle Shift-Dir - straight line, f/p - orc wizard
Aim: an orc wizard, wielding a +2 dagger of venom and wearing a +0 robe (100% to hit)
The magic dart hits the orc wizard.
The orc wizard is moderately wounded.
The orc priest calls down the wrath of Beogh upon you.
Beogh smites you!
You die...

.....................#....##...#.
.#....o.....##..#)...#....###<.##
..........#.....##...†......#..#.
...#.....##o....#..............#
......##..##..........[......#..#
.##.###.......#.......#......####
.. #........o.....####.......# ..
#.........#....## ##.......# #
..........###@..# #........##
..#..........##..# ##..#.....#
...#..#...#.####.## ######..## ..
####^##### ### #### ... .#


You could see an orc priest and an orc wizard.

Vanquished Creatures
  3 ice beasts
  A scorpion (D:4)
  3 hounds
  A mummy (D:4)
  3 adders
  An ufetubus (D:4)
  An adder skeleton (D:4)
  4 worms
  2 dart slugs
  6 orcs
  4 bats
  4 endoplasms
  2 giant cockroaches (D:2)
  6 goblins
  6 hobgoblins
  6 jackals
  8 kobolds
  6 quokkas
  8 ball pythons
  4 frilled lizards
  2 hobgoblin zombies (D:4)
  A kobold zombie (D:4)
  An orc zombie (D:4)
  7 rats
90 creatures vanquished.

Notes
Turn   | Place    | Note
-------+----------+-------------------------------------------
     0 | D:1      | horus123 the Deep Elf Conjurer began the quest for the Orb.
     0 | D:1      | Reached XP level 1. HP: 10/10 MP: 6/6
   203 | D:1      | Reached XP level 2. HP: 15/15 MP: 4/8
   210 | D:1      | Learned a level 2 spell: Searing Ray
   509 | D:1      | Reached skill level 5 in Conjurations
   946 | D:1      | Reached XP level 3. HP: 19/19 MP: 6/9
   950 | D:1      | Learned a level 3 spell: Dazzling Flash
  1416 | D:2      | Found a faded altar of an unknown god.
  2291 | D:2      | Reached XP level 4. HP: 24/24 MP: 8/11
  2323 | D:2      | Learned a level 4 spell: Iskenderun's Mystic Blast
  2447 | D:2      | You fall into a shaft and drop 2 floors!
  2504 | D:4      | Reached skill level 1 in Hexes
  2531 | D:4      | Noticed an ice beast
  2538 | D:4      | Killed an ice beast
  2539 | D:4      | Reached skill level 6 in Conjurations
  2539 | D:4      | Reached XP level 5. HP: 28/28 MP: 4/13
  3691 | D:4      | Reached skill level 5 in Spellcasting
  3691 | D:4      | Reached XP level 6. HP: 26/32 MP: 7/15
  3824 | D:4      | Learned a level 4 spell: Fulminant Prism
  4134 | D:4      | Reached skill level 1 in Shields
  4356 | D:5      | Entered Level 5 of the Dungeon
  4367 | D:5      | Noticed an ice beast
  4373 | D:5      | Killed an ice beast
  4523 | D:5      | Noticed an ice beast
  4534 | D:5      | Killed an ice beast
  4535 | D:5      | Reached XP level 7. HP: 26/36 MP: 8/17
  4565 | D:5      | Killed from afar by an orc priest

Illustrated notes

Levels and vault maps discovered:
D:1:      sevenhm_arrival_forest_fort_large_4, layout_basic
D:2:      layout_basic, hellmonk_ecumenical_altar_inner_sanctum,
          kennysheep_donut, minmay_fractal_squares_gapless_5
D:3:      layout_rooms, hangedman_decor_peaks_small, dk_noncrumbling_4
D:4:      layout_basic, hangedman_abyss_or_decor_stabs, nrook_mini_backslash,
          minmay_mini_ossuary
D:5:      layout_cave_pools, minmay_temple_entry_slanted, portal_sewer_entry_e,
          minmay_starry_boxes

Skill      XL: |  1  2  3  4  5  6  7 |
---------------+----------------------+-----
Conjurations   | 5 6 |  6.6
Hexes          | 1 2 3 |  3.3
Spellcasting   | 4 5 |  5.8
Stealth        | 3 |  3.8
Shields        | 1 2 |  2.0
Dodging        | |  2.8

Action                   |  1- 3 |  4- 6 |  7- 9 || total
-------------------------+-------+-------+-------++-------
 Cast: Magic Dart        |    89 |    73 |     8 ||   170
       Searing Ray       |     4 |    11 |     2 ||    17
  Use: Scroll            |     2 |     3 |       ||     5
Armor: Robe              |     3 |     3 |       ||     6
Dodge: Dodged            |     2 |     9 |     3 ||    14
Block: Buckler           |       |     2 |       ||     2
